 Dungeon Crawl Stone Soup version 0.17.0-24-gcfadda4 (webtiles) character file.

117 M4edhros the Sneak (level 5, -2/33 HPs)
             Began as an Octopode Artificer on Nov 16, 2015.
             Slain by a kobold
             ... wielding a +0 whip
              (5 damage)
             ... on level 3 of the Dungeon.
             The game lasted 00:02:29 (1768 turns).

M4edhros the Sneak (Octopode Artificer)             Turns: 1768, Time: 00:02:29

Health: -2/33      AC:  1    Str: 10    XL:     5   Next: 1%
Magic:  8/8        EV: 12    Int: 14    God:
Gold:   53         SH:  0    Dex: 14    Spells: 0 memorised, 4 levels left

rFire  . . .     SeeInvis .     j - +0 lajatang
rCold  . . .     Clarity  .     (shield currently unavailable)
rNeg   . . .     SustAt   .     (helmet restricted)
rPois  .         Gourm    .     (no amulet)
rElec  .         Spirit   .     (no ring)
rCorr  .         Warding  .     (no ring)
rMut   .         Stasis   .     (no ring)
MR     .....                    (no ring)
Stlth  ++++......               (no ring)
                                (no ring)
                                (no ring)
                                (no ring)

@: not resistant to hostile enchantments, stealthy
A: almost no armour, amphibious, 8 rings, constrict 8, camouflage 1, gelatinous
body 1
a: no special abilities


You were on level 3 of the Dungeon.
You were near starving.

You visited 1 branch of the dungeon, and saw 3 of its levels.

You collected 53 gold pieces.

Inventory:

Hand Weapons
 a - a +0 short sword
 h - a +0 spear
 j - a +0 lajatang (weapon)
 k - a +0 hunting sling
Missiles
 g - 6 exploding sling bullets
 n - 16 stones (quivered)
Wands
 b - a wand of flame (11)
 c - a wand of enslavement (14)
 d - a wand of random effects (15)
 o - a wand of polymorph (7)
Scrolls
 m - a scroll of enchant armour {unknown}
Comestibles
 e - 2 bread rations
 f - a meat ration
 i - 3 fruits
 l - a beef jerky


   Skills:
 - Level 1.0 Fighting
 - Level 1.0 Short Blades
 + Level 1.8 Staves
 - Level 2.0 Dodging
 + Level 4.5 Stealth
 + Level 4.4 Evocations


You had 4 spell levels left.
You didn't know any spells.

Dungeon Overview and Level Annotations

Branches:
Dungeon (3/15)

Altars:

Annotations:
D:2 Robin


Innate Abilities, Weirdness & Mutations

You cannot wear most types of armour.
You are amphibious.
You can wear up to eight rings at the same time.
You can use your tentacles to constrict eight enemies at once.
Your skin changes colour to match your surroundings (Stealth).
Your rubbery body absorbs attacks (AC +1).


Message History

You feel agile. The orc hits you with a whip.
You closely miss the orc. You grab the orc.
The orc is moderately wounded.
You constrict the orc. The orc hits you with a whip.
You slash the orc!
You kill the orc!
You hit the kobold but do no damage. Your grab misses the kobold.
The kobold hits you with a whip.
* * * LOW HITPOINT WARNING * * *
You barely miss the kobold. Your grab misses the kobold.
The kobold closely misses you.
You hit the kobold but do no damage. Your grab misses the kobold.
The kobold hits you with a whip.
* * * LOW HITPOINT WARNING * * *
You hit the kobold but do no damage. Your grab misses the kobold.
The kobold hits you with a whip.
* * * LOW HITPOINT WARNING * * *
The kobold hits you with a whip.
You die...

#
#................#
##...............#
.#
##..............#
.#
########.......#
..# ##......# ..#
#.##..########
#... #.
#.......<.# ###.
#. #.........#
#@........#
......K)........#
####.##..........
# ....=.(.....
.#######.... ..
####.. .. ...


You could see a kobold.

Vanquished Creatures
  2 orc wizards (D:3)
  An adder (D:3)
  An ooze (D:1)
  4 giant geckos
  3 orcs (D:3)
  2 ball pythons
  5 giant cockroaches
  5 goblins
  4 hobgoblins
  3 jackals (D:1)
  2 bats
  2 giant newts (D:3)
  6 kobolds
  9 rats
49 creatures vanquished.

Vanquished Creatures (others)
  A giant cockroach (D:2)
1 creature vanquished.

Grand Total: 50 creatures vanquished

Notes
Turn   | Place    | Note
--------------------------------------------------------------
     0 | D:1      | M4edhros the Octopode Artificer began the quest for the Orb.
     0 | D:1      | Reached XP level 1. HP: 13/13 MP: 3/3
    31 | D:1      | Reached XP level 2. HP: 12/18 MP: 4/4
   556 | D:2      | Reached XP level 3. HP: 19/23 MP: 5/5
   769 | D:2      | Noticed Robin
  1289 | D:3      | Reached skill level 4 in Evocations
  1527 | D:3      | HP: 1/23 [giant cockroach (1)]
  1547 | D:3      | Reached skill level 1 in Staves
  1547 | D:3      | Reached XP level 4. HP: 10/28 MP: 7/7
  1762 | D:3      | Reached XP level 5. HP: 17/33 MP: 8/8
  1768 | D:3      | Slain by a kobold

Action                   |  1- 3 |  4- 6 || total
-------------------------+-------+-------++-------
Melee: Short sword       |    38 |       ||    38
       Spear             |    37 |       ||    37
       Lajatang          |    14 |    17 ||    31
Evoke: Wand              |     4 |     1 ||     5
  Use: Potion            |     1 |       ||     1
 Stab: Sleeping          |    15 |       ||    15
  Eat: Chunk             |     1 |       ||     1
